 Dungeon Crawl Stone Soup version 0.31-a0-851-g7ff8af7976 (webtiles) character file.

Game seed: 14264019223483971476

214 avis the Ducker (level 5, 24/24 HPs)
             Began as a Felid Fighter on Oct 7, 2023.
             Got out of the dungeon alive.
             The game lasted 00:15:15 (2897 turns).

avis the Ducker (Felid Fighter)                     Turns: 2897, Time: 00:15:15

Health: 24/24      AC:  1    Str: 12    XL:     5   Next: 59%
Magic:  6/6        EV: 20    Int: 16    God:
Gold:   155        SH:  5    Dex: 17    Spells: 4/4 levels left
                                        Lives:  1   Deaths: 1

rFire   . .          .
                       - Unarmed
rCold   . . .        (shield unavailable)
rNeg    . . .        (body armour unavailable)
rPois   .            (helmet unavailable)
rElec   .            (cloak unavailable)
rCorr   .            (gloves unavailable)
SInv    +            (boots unavailable)
Will    .....        p - amulet of reflection
Stlth   ++           g - +6 ring of intelligence
HPRegen 0.24/turn    (no ring)
MPRegen 0.10/turn

%: reflection
@: beast-form, quick
A: beast (slay +2), very small, claws 1, fangs 3, see invisible, speed 1, shaggy
fur 1, stealthy paws, no weapons or thrown items, no armour, multi-lived
a: Begin Untransformation


You escaped.
You were a hulking beast.
You visited 1 branch of the dungeon, and saw 4 of its levels.

You collected 155 gold pieces.

Inventory:

Jewellery
 g - a +6 ring of intelligence (left paw)
 p - an amulet of reflection (around neck)
Talismans
 b - a beast talisman (active)
 j - a beast talisman (active)
 l - a blade talisman
Scrolls
 c - 5 scrolls of identify {unknown}
 d - 2 scrolls of vulnerability {unknown}
 e - a scroll of fog {unknown}
 i - a scroll of poison {unknown}
 k - a scroll of amnesia {unknown}
 m - a scroll of revelation {unknown}
 n - a scroll of noise {unknown}
 q - a scroll of acquirement {unknown}
 r - 2 scrolls of fear {unknown}
Potions
 a - 2 potions of might
 f - a potion of lignification {unknown}
 h - 5 potions of curing {unknown}
 o - a potion of attraction {unknown}


   Skills:
 - Level 3.0 Fighting
 * Level 6.1 Dodging
 - Level 3.0 Stealth
 - Level 4.0 Unarmed Combat
 - Level 3.5 Shapeshifting


You had 4 spell levels left.
You didn't know any spells.
Your spell library contained the following spells:

 Spells                   Type           Power      Damage    Failure   Level
 Kiss of Death            Conj/Necr      0%         2d5       26%         1
 Summon Small Mammal      Summ           0%         N/A       26%         1
 Sublimation of Blood     Necr           0%         N/A       36%         2
 Call Canine Familiar     Summ           0%         N/A       58%         3
 Summon Guardian Golem    Hex/Summ       0%         N/A       58%         3
 Petrify                  Tmut/Erth      0%         N/A       94%         4
 Irradiate                Conj/Tmut      0%         3d11      100%        5


Dungeon Overview and Level Annotations

Branches:
Dungeon (4/15)
 Temple: D:4-7

Altars:
Makhleb
Sif Muna
Trog
Vehumet

Annotations:
D:4 Ijyb


Innate Abilities, Weirdness & Mutations

You are a hulking beast.
Your limbs bulge with bestial killing power. (Slay +2)
You have sharp claws.
You have razor-sharp teeth.
You have supernaturally acute eyesight. (SInv)
You cover ground quickly. (Speed+)
You are covered in fur. (AC +1)
Your paws help you pounce on unaware monsters.
You are incapable of wielding weapons or throwing items.
You cannot wear armour.
You gain extra lives every three experience levels.


Message History

The puff of flame hits Blork the orc!
Blork the orc screams, "I don't like you!"
Blork the orc barely misses you.
You claw Blork the orc!
Blork the orc is heavily wounded.
Blork the orc screams, "Die!"
Blork the orc casts a spell at you. The magic dart hits you.
You barely miss Blork the orc.
Blork the orc is heavily wounded.
Blork the orc barely misses you.
You closely miss Blork the orc.
Blork the orc is heavily wounded.
Blork the orc misses you. x2
You scratch Blork the orc but do no damage.
You bite Blork the orc.
Blork the orc is severely wounded.
Blork the orc completely misses you.
You claw Blork the orc!
You kill Blork the orc!
Training target 3.5 for Shapeshifting reached!
Your Shapeshifting skill increases to level 3!
You need to enable at least one skill for training.
There's nothing to close nearby.
Unknown command.
You see here the felid corpse of avis.
There is a stone staircase leading down here.
There is a stone staircase leading up here.
You climb upwards.
There is a stone staircase leading down here.
You see here a +0 robe.
A crimson imp is nearby!
You see here a +0 robe.
You open the door.
There is an open door here.
There is a stone staircase leading up here.
You climb upwards.
There is a stone staircase leading down here.
There is a staircase leading out of the dungeon here.
You have escaped!

.# ##.......#####.###.......#####
.###.....####.......####.....## #
.##....###.............###....###
.#....##.....#######.....##......
##...##....###.#...###....##.....
#....#....##...#.....##....#.....
#...##...##...#####...##...######
#...#....#...##...##...#........#
#...#....#...#..h......######...#
#...#....#...##...##...#....#...#
#...##........#####...##..[##...#
#....####..#.........##....#....#
##....#....###.....###....##...##
#....##.....#######.....##....#.
##.(..#.#.............###....##.
##.....####.......####.....###.
##.......#########.......##...


There were no monsters in sight!

Vanquished Creatures
  Blork the orc (D:3)
  A hound (D:3)
  An orc wizard (D:3)
  A gnoll (D:3)
  3 adders
  A white imp (D:3)
  A worm (D:3)
  3 orcs (D:3)
  7 bats
  7 endoplasms
  8 goblins
  4 hobgoblins
  3 kobolds
  4 ball pythons
  2 frilled lizards
47 creatures vanquished.

Notes
Turn   | Place    | Note
-------+----------+-------------------------------------------
     0 | D:1      | avis the Felid Fighter began the quest for the Orb.
     0 | D:1      | Reached XP level 1. HP: 10/10 MP: 2/2
   118 | D:1      | Reached skill level 1 in Stealth
   159 | D:1      | Reached XP level 2. HP: 14/14 MP: 3/3
   941 | D:2      | Found a faded altar of an unknown god.
   968 | D:1      | Reached skill level 5 in Dodging
   968 | D:1      | Reached XP level 3. HP: 17/17 MP: 4/4
  1864 | D:3      | Found a radiant altar of Vehumet.
  1865 | D:3      | Found a burning altar of Makhleb.
  2065 | D:3      | Found a shimmering blue altar of Sif Muna.
  2081 | D:3      | Got a fuliginous book
  2086 | D:3      | Found a bloodstained altar of Trog.
  2163 | D:3      | Reached XP level 4. HP: 21/21 MP: 5/5
  2200 | D:3      | Reached skill level 6 in Dodging
  2200 | D:3      | Reached skill level 1 in Shapeshifting
  2347 | D:3      | Reached XP level 5. HP: 24/24 MP: 6/6
  2564 | D:4      | Noticed Ijyb
  2734 | D:4      | Noticed Blork the orc
  2743 | D:4      | HP: 1/24 [Blork the orc/+1 hand axe of flaming (2)]
  2748 | D:3      | Killed from afar by Blork the orc
  2765 | D:3      | Killed Blork the orc
  2897 | D:$      | Got out of the dungeon alive.

Illustrated notes

Levels and vault maps discovered:
D:1:      dpeg_arrival_circle_labyrinth_c, layout_basic, minmay_tromino_v4_a
D:2:      layout_basic, hellmonk_ecumenical_altar_arch_garden
D:3:      layout_loops_ring, grunt_temple_overflow_lords_of_destruction,
          nzn_overflow_gifts_of_might_and_magic
D:4:      layout_gridville, amcnicky_altar_gilded, grunt_temple_overflow_open,
          uniq_blork_the_orc, uniq_ijyb

Skill      XL: |  1  2  3  4  5 |
---------------+----------------+-----
Stealth        | 1 2 3 |  3.0
Dodging        | 5 6 |  6.1
Shapeshifting  | 2 3 |  3.5
Fighting       | |  3.0
Unarmed Combat | |  4.0

Action                     |  1- 3 |  4- 6 || total
---------------------------+-------+-------++-------
  Melee: Unarmed           |    88 |    49 ||   137
         Bite              |     6 |     4 ||    10
         Punch             |     1 |     2 ||     3
   Stab: Sleeping          |     9 |     3 ||    12
 Armour: Skin              |    20 |     8 ||    28
  Dodge: Dodged            |    48 |    32 ||    80
  Block: Other             |     6 |     6 ||    12
         Reflection        |       |     1 ||     1
   Form: Beast             |     1 |       ||     1

Table legend: (Time is in decaauts)
 A = Elapsed time spent in this place.
 B = Non-inter-level travel time spent in this place.
 C = Inter-level travel time spent in this place.
 D = Time resting spent in this place.
 E = Time spent auto-exploring this place.
 F = Levels seen in this place.
 G = Mean time per level.
                   A        B        C        D        E       F      G
               +--------+--------+--------+--------+--------+-----+--------+
         Total |   2415 |   2134 |    281 |    182 |   1303 |   4 |  603.8 |
       Dungeon |   2415 |   2134 |    281 |    182 |   1303 |   4 |  603.8 |
               +--------+--------+--------+--------+--------+-----+--------+

Top non-repeatable levels by time:
     D:1: 775 daAuts
     D:2: 774 daAuts
     D:3: 771 daAuts
     D:4: 93 daAuts
